 Dungeon Crawl Stone Soup version 0.29.1-15-g9cfb28693d (webtiles) character file.

Game seed: 1201367705619342141

70 zeram the Trooper (level 4, 0/49 HPs)
             Began as an Ogre Fighter on Mar 18, 2023.
             Slain by a goblin
             ... wielding a +0 dagger
              (2 damage)
             ... on level 2 of the Dungeon on Mar 25, 2023.
             The game lasted 00:02:11 (1768 turns).

zeram the Trooper (Ogre Fighter)                    Turns: 1768, Time: 00:02:12

Health: 0/49       AC:  3    Str: 22    XL:     4   Next: 22%
Magic:  13/13      EV:  8    Int:  9    God:
Gold:   74         SH:  7    Dex:  8    Spells: 3/3 levels left

rFire   . . .      SeeInvis .   a - +0 war axe
rCold   . . .      Faith    .   c - +0 kite shield
rNeg    . . .      Spirit   .   b - +0 robe
rPois   .          Reflect  .   (helmet restricted)
rElec   .          Harm     .   (no cloak)
rCorr   .          Rampage  .   (gloves unavailable)
Will    +....                   (boots unavailable)
Stlth   +.........              (no amulet)
HPRegen 0.16/turn               l - ring of willpower
MPRegen 0.13/turn               p - ring of magical power

@: no status effects
A: large, unfitting armour, tough skin 1
a: no special abilities


You were on level 2 of the Dungeon.
You visited 1 branch of the dungeon, and saw 2 of its levels.

You collected 74 gold pieces.

Inventory:

Hand Weapons
 a - a +0 war axe (weapon)
Armour
 b - a +0 robe (worn)
 c - a +0 kite shield (worn)
Jewellery
 l - a ring of willpower (left hand)
 p - a ring of magical power (right hand)
Scrolls
 f - a scroll of vulnerability {unknown}
 g - a scroll of identify {unknown}
 i - 2 scrolls of immolation {unknown}
 j - a scroll of fear {unknown}
 k - a scroll of teleportation {unknown}
 m - a scroll of noise {unknown}
 n - a scroll of summoning {unknown}
Potions
 d - 3 potions of might
 e - a potion of curing {unknown}
 h - a potion of degeneration {unknown}
 o - a potion of attraction {unknown}


   Skills:
 + Level 4.7 Fighting
 + Level 3.0 Axes
 + Level 3.2 Dodging
 + Level 0.2 Stealth
 + Level 3.2 Shields


You had 3 spell levels left.
You didn't know any spells.
Your spell library contained the following spells:

 Spells                   Type           Power      Damage    Failure   Level
 Necrotise                Necr           0%         1d4       67%         1
 Vampiric Draining        Necr           0%         2d6       96%         3
 Agony                    Necr           0%         N/A       100%        5


Dungeon Overview and Level Annotations

Branches:
Dungeon (2/15)

Altars:


Innate Abilities, Weirdness & Mutations

You are too large for most types of armour.
You have tough skin. (AC +1)


Message History

The goblin completely misses you. You block the goblin's attack.
The goblin barely misses you. The goblin barely misses you.
The goblin barely misses you. The goblin hits you but does no damage.
The goblin barely misses you. The goblin hits you with a +0 dagger.
* * * LOW HITPOINT WARNING * * *
The goblin hits you with a +0 dagger.
* * * LOW HITPOINT WARNING * * *
You block the goblin's attack. You block the goblin's attack.
The goblin hits you but does no damage. The goblin hits you with a +0 dagger.
* * * LOW HITPOINT WARNING * * *
The goblin misses you. You block the goblin's attack.
You block the goblin's attack. You block the goblin's attack.
The goblin hits you with a +0 dagger.
* * * LOW HITPOINT WARNING * * *
The goblin barely misses you. You block the goblin's attack.
The goblin hits you but does no damage. The goblin hits you but does no damage.
The goblin hits you with a +0 dagger.
* * * LOW HITPOINT WARNING * * *
The goblin hits you with a +0 dagger.
* * * LOW HITPOINT WARNING * * *
The goblin hits you but does no damage. You block the goblin's attack.
The goblin hits you with a +0 dagger.
* * * LOW HITPOINT WARNING * * *
The goblin hits you with a +0 dagger.
* * * LOW HITPOINT WARNING * * *
The goblin hits you but does no damage. You block the goblin's attack.
The goblin hits you with a +0 dagger.
You die...

......##..#.##
#.........#
.....## #...#
#........ ....##
###.##+#........
....#
#..............
....##
#..............
.....###
#........#.....
.......#
##.##.#........
.......#
#.##.#........
......##
#.##.#@.......
.######
#.##..g.......
)..##
#.##..........
.#..####
.##.##.######
###....###.....
..
............##.
###
#######.##..##
#.....#...#
#####.....#


You could see a goblin.

Vanquished Creatures
  An adder (D:2)
  2 worms (D:2)
  3 dart slugs
  5 bats
  A giant cockroach (D:2)
  8 goblins
  7 hobgoblins
  3 jackals (D:1)
  A kobold (D:1)
  A quokka (D:2)
  5 ball pythons
  4 frilled lizards
  2 rats (D:2)
43 creatures vanquished.

Notes
Turn   | Place    | Note
-------+----------+-------------------------------------------
     0 | D:1      | zeram the Ogre Fighter began the quest for the Orb.
     0 | D:1      | Reached XP level 1. HP: 24/24 MP: 1/1
   127 | D:1      | Reached XP level 2. HP: 30/32 MP: 2/2
   450 | D:1      | Found a faded altar of an unknown god.
   675 | D:1      | Reached XP level 3. HP: 35/40 MP: 3/3
   933 | D:1      | You fall into a shaft and drop 1 floor!
  1575 | D:2      | Reached XP level 4. HP: 49/49 MP: 4/4
  1764 | D:2      | HP: 2/49 [goblin/+0 dagger (2)]
  1768 | D:2      | Slain by a goblin

Illustrated notes

Levels and vault maps discovered:
D:1:      co_arrival_two_rings, layout_basic, hellmonk_ecumenical_altar_run_dry
D:2:      layout_basic, hangedman_abyss_or_decor_lesser_grid, amethyst_killhole,
          uniq_crazy_yiuf_cottage

Skill      XL: |  1  2  3  4 |
---------------+-------------+-----
Dodging        | 3 |  3.2
Axes           | 3 |  3.0
Fighting       | |  4.7
Stealth        | |  0.2
Shields        | |  3.2

Action                   |  1- 3 |  4- 6 || total
-------------------------+-------+-------++-------
Melee: War axe           |   111 |    25 ||   136
Armor: Robe              |    41 |    23 ||    64
Dodge: Dodged            |    48 |    23 ||    71
Block: Kite shield       |    34 |    22 ||    56
